 Dungeon Crawl Stone Soup version 0.20.1-1-g8b1a95d (webtiles) character file.

148 Promiatey the Skirmisher (level 5, 0/42 HPs)
             Began as a Demonspawn Chaos Knight on Sept 10, 2017.
             Slain by an orc priest
             ... wielding a +0 short sword
              (1 damage)
             ... on level 3 of the Dungeon.
             The game lasted 00:49:32 (2791 turns).

Promiatey the Skirmisher (Demonspawn Chaos Knight)  Turns: 2791, Time: 00:49:32

Health: 0/42       AC: 14    Str: 17    XL:     5   Next: 8%
Magic:  5/5        EV:  5    Int: 14    God:    Xom [...*..]
Gold:   208        SH:  0    Dex: 12    Spells: 4/4 levels left

rFire    . . .     SeeInvis +   z - +0 scimitar
rCold    + . .     Gourm    .   (no shield)
rNeg     . . .     Faith    .   m - +1 plate armour
rPois    .         Spirit   .   (helmet restricted)
rElec    .         Reflect  .   (no cloak)
rCorr    .         Harm     +   (no gloves)
MR       +....     Clarity  +   (no boots)
Stlth    ..........             u - amulet of harm
Regen    0.2/turn               (no ring)
MPRegen  0.1/turn               (no ring)

@: heavily drained
A: antennae 1, icy blue scales 2, camouflage 1, see invisible, clarity, cold
resistance 1, magic resistance 1, strong 2, wild magic 2
a: Renounce Religion


You were on level 3 of the Dungeon.
You worshipped Xom.
You were a favourite toy of Xom.
You were not hungry.

You visited 1 branch of the dungeon, and saw 3 of its levels.

You collected 208 gold pieces.

Inventory:

Hand Weapons
 a - a +0 short sword of chaos
 o - a +0 hunting sling
 z - a +0 scimitar (weapon)
Missiles
 d - 14 poisoned needles
 h - 43 arrows
 p - 92 stones (quivered)
 x - 20 sling bullets
Armour
 m - a +1 plate armour (worn)
Jewellery
 t - a +4 amulet of reflection
 u - an amulet of harm (around neck)
Scrolls
 i - a scroll of magic mapping
 l - a scroll of remove curse
Potions
 b - 2 potions of brilliance
 e - a potion of invisibility {unknown}
 f - a potion of mutation {unknown}
 g - a potion of lignification {unknown}
 j - a potion of curing {unknown}
 q - a potion of haste {unknown}
 s - a potion of flight {unknown}
Books
 k - a book of Misfortune

   Spells                             Type                      Level
   a - Confusing Touch                Hexes                        1
   b - Confuse                        Hexes                        3
   c - Gell's Gravitas                Translocation                3
   d - Petrify                        Transmutation/Earth          4
   e - Metabolic Englaciation         Hexes/Ice                    5
   f - Yara's Violent Unravelling     Hexes/Transmutation          5
Comestibles
 c - 3 bread rations
 n - 3 fruits
 w - a meat ration


   Skills:
 + Level 4.0(2.7) Fighting
 + Level 3.2(2.0) Short Blades
 + Level 0.3(0.8) Long Blades
 + Level 1.5(0.3) Slings
 + Level 2.8(1.5) Armour
 + Level 1.5(0.3) Dodging
 - Level 0.2(0.0) Stealth


You had 4 spell levels left.
You didn't know any spells.

Dungeon Overview and Level Annotations

Branches:
Dungeon (3/15)

Altars:
Xom


Innate Abilities, Weirdness & Mutations

You are mostly covered in icy blue scales. (AC +3)
You have a pair of small antennae on your head.
Your skin changes colour to match your surroundings (Stealth+).
You have supernaturally acute eyesight. (SInv)
You possess an exceptional clarity of mind.
Your flesh is cold resistant. (rC+)
You are resistant to hostile enchantments. (MR+)
Your muscles are very strong. (Str +4)
Your spells are harder to cast, but more powerful.


Message History

The orc barely misses you.
You riposte.
You slash the orc!
You kill the orc!
The orc hits you but does no damage.
The orc priest calls down the wrath of Beogh upon you.
Beogh smites you!
You see here a flail.
You barely miss the orc priest. The orc closely misses you.
The orc priest hits you but does no damage.
The orc barely misses you.
You closely miss the orc priest.
The orc priest invokes the aid of Beogh against you.
Beogh smites you!
* * * LOW HITPOINT WARNING * * *
Xom is mildly amused.
The orc hits you but does no damage. The orc priest barely misses you.
You closely miss the orc priest. The orc hits you with a club.
* * * LOW HITPOINT WARNING * * *
The orc priest hits you with a short sword.
You die...
Xom chortles!

#..###...###.......# #
#..# #...# #.......####
##.###.#.############..
#.......##.......# #.#
####....ooo......# #.#
#..####.....o.# #.#
#..####.......# #..
#oo...#.......# ###
##@##.#.......### #
#.##[#.......#.###
#................#
####.####..#.###.#
#.#......####.)
#########
#.).........#.# ###
#.......#
#.#.##..<...... ..#
#.#####.#
#...........#.# #.#
#.#####.##
#.............#


You could see an orc priest and an orc.

Vanquished Creatures
  An orc wizard (D:3)
  3 adders (D:3)
  An ooze (D:2)
  A worm (D:2)
  A dart slug (D:1)
  6 leopard geckos
  6 orcs (D:3)
  4 ball pythons
  A giant cockroach (D:2)
  7 hobgoblins
  8 jackals
  4 kobolds
  A quokka (D:3)
  11 bats
  2 frilled lizards
  13 goblins
  9 rats
79 creatures vanquished.

Notes
Turn   | Place    | Note
-------+----------+-------------------------------------------
     0 | D:1      | Promiatey the Demonspawn Chaos Knight began the quest for the Orb.
     0 | D:1      | Reached XP level 1. HP: 18/18 MP: 1/1
     7 | D:1      | XOM: harmless Summ miscast
   118 | D:1      | XOM: harmless Erth miscast
   119 | D:1      | Gained mutation: You are partially covered in icy blue scales. (AC +2) [demonic ancestry]
   119 | D:1      | Reached XP level 2. HP: 14/24 MP: 2/2
   215 | D:1      | Reached skill level 1 in Dodging
   253 | D:1      | XOM: 7-stop teleportation journey
   335 | D:1      | Reached XP level 3. HP: 16/29 MP: 3/3
   409 | D:1      | XOM: give mutations
   409 | D:1      | Gained mutation: You have a pair of small antennae on your head. [Xom's grace]
   409 | D:1      | Gained mutation: Your muscles are strong. (Str +2) [Xom's grace]
   409 | D:1      | Gained mutation: Your flesh is cold resistant. (rC+) [Xom's grace]
   706 | D:2      | XOM: divination: detect items
   909 | D:2      | Found a shimmering altar of Xom.
  1146 | D:2      | XOM: 1-stop teleportation journey
  1154 | D:2      | XOM: god gift: book of Misfortune
  1164 | D:2      | Learned a level 1 spell: Confusing Touch
  1567 | D:2      | XOM: give mutations
  1567 | D:2      | Gained mutation: Your spells are a little harder to cast, but a little more powerful. [Xom's grace]
  1567 | D:2      | Gained mutation: You are resistant to hostile enchantments. (MR+) [Xom's grace]
  1567 | D:2      | Gained mutation: You have supernaturally acute eyesight. (SInv) [Xom's grace]
  1567 | D:2      | Gained mutation: Your muscles are very strong. (Str +4) [Xom's grace]
  1705 | D:2      | XOM: god gift: hunting sling {god gift}
  1712 | D:2      | Reached XP level 4. HP: 35/37 MP: 4/4
  1714 | D:2      | XOM: mild Pois miscast
  1837 | D:2      | XOM: god gift: 44 gold pieces
  2203 | D:3      | Reached skill level 1 in Slings
  2235 | D:3      | XOM: god gift: scimitar {god gift}
  2248 | D:3      | XOM: 2-stop teleportation journey
  2356 | D:3      | XOM: scenery: create altars
  2364 | D:3      | XOM: fog
  2379 | D:3      | XOM: give mutations
  2379 | D:3      | Gained mutation: Your spells are harder to cast, but more powerful. [Xom's grace]
  2379 | D:3      | Gained mutation: You possess an exceptional clarity of mind. [Xom's grace]
  2379 | D:3      | Gained mutation: Your skin changes colour to match your surroundings (Stealth+). [Xom's grace]
  2384 | D:3      | XOM: confuse monster(s)
  2506 | D:3      | XOM: medium Tmut miscast
  2689 | D:3      | Reached skill level 4 in Fighting
  2689 | D:3      | Gained mutation: You are mostly covered in icy blue scales. (AC +3) [demonic ancestry]
  2689 | D:3      | Reached XP level 5. HP: 31/42 MP: 5/5
  2790 | D:3      | HP: 2/42 [orc priest/divine providence (19)]
  2791 | D:3      | Slain by an orc priest

Skill      XL: |  1  2  3  4 |
---------------+-------------+-----
Armour         | 2 |  2.8
Dodging        | 1 |  1.5
Short Blades   | 3 |  3.2
Slings         | 1 |  1.5
Fighting       | 4 |  4.0
Long Blades    | |  0.3
Stealth        | |  0.2

Action                   |  1- 3 |  4- 6 || total
-------------------------+-------+-------++-------
Melee: Short sword       |   151 |    21 ||   172
       Scimitar          |       |    61 ||    61
       Hunting sling     |       |     1 ||     1
 Fire: Hunting sling     |     3 |    34 ||    37
  Use: Scroll            |     8 |     2 ||    10
 Stab: Paralysed         |     1 |       ||     1
  Eat: Bread ration      |     1 |       ||     1
       Royal jelly       |     1 |       ||     1
Armor: Ring mail         |    65 |       ||    65
       Leather armour    |     2 |       ||     2
       Plate armour      |    20 |   103 ||   123
Dodge: Dodged            |    96 |    40 ||   136
Block: Other             |     2 |     4 ||     6
       Rpst.: Scimitar   |       |     7 ||     7
